 Dungeon Crawl Stone Soup version 0.26.1-11-gd32895ea62 (webtiles) character file.

Game seed: 17765798153384708218

651 Zeld the Cutter (level 7, 0/33 HPs)
             Began as a Spriggan Brigand on May 27, 2021.
             Slain by a giant cockroach (2 damage)
             ... on level 5 of the Dungeon.
             The game lasted 00:08:12 (8248 turns).

Zeld the Cutter (Spriggan Brigand)                  Turns: 8248, Time: 00:08:12

Health: 0/33       AC:  3    Str:  9    XL:     7   Next: 28%
Magic:  8/8        EV: 17    Int: 12    God:
Gold:   160        SH:  0    Dex: 18    Spells: 6/6 levels left

rFire    . . .     SeeInvis +   a - +2 dagger
rCold    . . .     Faith    .   (shield restricted)
rNeg     . . .     Spirit   .   b - +0 robe
rPois    +         Reflect  .   (helmet restricted)
rElec    .         Harm     .   c - +0 cloak
rCorr    .         Rampage  .   (gloves unavailable)
Will     +....                  (boots unavailable)
Stlth    +++.......             h - amulet of regeneration
HPRegen  0.51/turn              m - ring of poison resistance
MPRegen  0.11/turn              (no ring)

@: very quick
A: very small, unfitting armour, see invisible, speed 3
a: no special abilities


You were on level 5 of the Dungeon.
You visited 1 branch of the dungeon, and saw 5 of its levels.

You collected 160 gold pieces.

Inventory:

Hand Weapons
 a - a +2 dagger (weapon)
Missiles
 d - 20 poisoned darts (quivered)
 e - 2 curare-tipped darts
Armour
 b - a +0 robe (worn)
 c - a +0 cloak (worn)
Jewellery
 h - an amulet of regeneration (around neck)
 m - a ring of poison resistance (left hand)
Wands
 p - a wand of random effects (9)
Scrolls
 g - a scroll of enchant weapon
 i - 2 scrolls of magic mapping
 l - a scroll of enchant armour
 n - 4 scrolls of teleportation
 o - a scroll of blinking
 s - a scroll of amnesia
Potions
 f - a potion of ambrosia {unknown}
 j - a potion of attraction {unknown}
 k - 2 potions of heal wounds {unknown}
 q - a potion of might {unknown}
 r - a potion of curing
 t - a potion of flight {unknown}


   Skills:
 - Level 1.5 Fighting
 * Level 6.5 Short Blades
 * Level 5.9 Throwing
 - Level 1.5 Dodging
 - Level 5.8 Stealth


You had 6 spell levels left.
You didn't know any spells.
Your spell library was empty.

Dungeon Overview and Level Annotations

Branches:
Dungeon (5/15)
 Temple: D:4-7

Altars:
Ashenzari
Sif Muna
Uskayaw

Annotations:
D:3 2 transporters, Zeld's ghost, amateur GrBe


Innate Abilities, Weirdness & Mutations

You are very small and have problems with some larger weapons.
You are too small for most types of armour.
You have supernaturally acute eyesight. (SInv)
You cover ground extremely quickly.


Message History

You hit the giant cockroach.
The giant cockroach is moderately wounded.
You hit the giant cockroach.
The giant cockroach is severely wounded.
The giant cockroach misses you.
The centaur shoots an arrow.
The arrow hits you! The white imp gestures at you. The puff of frost hits you.
The giant cockroach waves its antennae.
The giant cockroach completely misses you.
You are too injured to fight recklessly!
You are too injured to fight recklessly!
You are too injured to fight recklessly!
The centaur shoots an arrow.
The arrow hits you!
* * * LOW HITPOINT WARNING * * *
The giant cockroach misses you.
You see here an arrow.
The centaur shoots an arrow.
The arrow misses you. The giant cockroach bites you.
You die...

#........>.###..####......
#.......#(.###..# #......
#########.c..)...##
.....#.. #...##
#..#......##..###.#.#
#[.......##.........>?
..... #....####
#.5..#...... #...#
#.(.(..#### #...###
#B..........
#..<..#####@(.#...####
#...#..##..).(#.....
#...##................
#######.#....##.......
#..................
#..#..##.#.##....... ....
#.###)#.# .... ..# #.
....# ... . .. ..###


You could see a centaur, a white imp and a giant cockroach.

Vanquished Creatures
  An ogre (D:5)
  A centaur (D:5)
  Blork the orc (D:4)
  A scorpion (D:4)
  A howler monkey (D:2)
  A bullfrog skeleton (D:4)
  An iguana (D:4)
  An orc wizard (D:4)
  Robin (D:2)
  10 adders
  An ooze (D:2)
  2 worms
  A dart slug (D:3)
  4 leopard geckos
  10 orcs
  4 ball pythons
  3 giant cockroaches
  19 goblins
  7 hobgoblins
  17 jackals
  4 quokkas
  A ball python skeleton (D:4)
  10 bats
  6 frilled lizards
  A kobold (D:1)
  16 rats
125 creatures vanquished.

Notes
Turn   | Place    | Note
-------+----------+-------------------------------------------
     0 | D:1      | Zeld the Spriggan Brigand began the quest for the Orb.
     0 | D:1      | Reached XP level 1. HP: 10/10 MP: 2/2
    82 | D:1      | Reached XP level 2. HP: 12/14 MP: 3/3
   221 | D:1      | Reached skill level 3 in Short Blades
   877 | D:1      | Reached XP level 3. HP: 18/18 MP: 4/4
  2230 | D:2      | Reached XP level 4. HP: 22/22 MP: 5/5
  2234 | D:2      | Noticed a +0 dagger
  2235 | D:2      | Noticed a +0 dagger
  2249 | D:2      | Found a hide-covered altar of Uskayaw.
  2410 | D:2      | Reached skill level 4 in Short Blades
  2647 | D:2      | Noticed Robin
  2651 | D:2      | Reached XP level 5. HP: 24/25 MP: 6/6
  2884 | D:2      | Killed Robin
  3651 | D:3      | Found a shimmering blue altar of Sif Muna.
  3673 | D:3      | Found a transporter.
  3673 | D:3      | Noticed Zeld's ghost (amateur GrBe)
  3891 | D:3      | Found a transporter.
  4979 | D:4      | Reached skill level 5 in Short Blades
  4983 | D:4      | Noticed a phantom
  5302 | D:4      | Found a broken altar of Ashenzari.
  5306 | D:4      | Saw a vision of the Shoals and the Spider Nest.
  5306 | D:4      | Noticed a centaur
  5306 | D:4      | Noticed a wind drake
  5306 | D:4      | Noticed a sea snake
  5306 | D:4      | Noticed a sea snake
  5306 | D:4      | Noticed a redback
  5306 | D:4      | Noticed a redback
  5306 | D:4      | Noticed a wolf spider
  5306 | D:4      | Noticed a wolf spider
  5306 | D:4      | Noticed a redback
  5306 | D:4      | Noticed a redback
  5307 | D:4      | Noticed a merfolk
  5307 | D:4      | Noticed a redback
  5307 | D:4      | Noticed a redback
  5308 | D:4      | Noticed a merfolk siren
  5308 | D:4      | Noticed a merfolk
  5308 | D:4      | Noticed a merfolk siren
  5706 | D:4      | Reached XP level 6. HP: 24/30 MP: 7/7
  6462 | D:4      | Noticed Blork the orc
  6795 | D:4      | Reached skill level 5 in Throwing
  7177 | D:4      | Killed Blork the orc
  7275 | D:5      | Entered Level 5 of the Dungeon
  7277 | D:5      | Reached skill level 6 in Short Blades
  7277 | D:5      | Reached XP level 7. HP: 33/33 MP: 8/8
  8248 | D:5      | Slain by a giant cockroach

Illustrated notes

Levels and vault maps discovered:
D:1:      dpeg_arrival_windows_large_door, layout_loops_ring
D:2:      layout_rooms, dancing_weapons_uskayaw, uniq_robin
D:3:      layout_loops_ring, lemuel_crystal_altar, gammafunk_ghost_mausoleum
D:4:      layout_rooms, grunt_ashenzari_visionary
          [grunt_ashenzari_visionary_shoals, grunt_ashenzari_visionary_spider],
          uniq_blork_the_orc
D:5:      minmay_diamond_boxcup, layout_rooms, nicolae_tso_swordbearing_angel,
          minmay_temple_entry_statues_fountains, kennysheep_pointless_box,
          kennysheep_doodads, kennysheep_decorative_pillar, uniq_grinder

Skill      XL: |  1  2  3  4  5  6 |
---------------+-------------------+-----
Short Blades   | 3 4 5 6 |  6.5
Throwing       | 3 4 5 |  5.9
Fighting       | |  1.5
Dodging        | |  1.5
Stealth        | |  5.8

Action                   |  1- 3 |  4- 6 |  7- 9 || total
-------------------------+-------+-------+-------++-------
Melee: Dagger            |   201 |   333 |    56 ||   590
  Use: Scroll            |       |     6 |     1 ||     7
 Stab: Sleeping          |    10 |    15 |     1 ||    26
       Distracted        |       |     1 |       ||     1
Armor: Robe              |    35 |    27 |    12 ||    74
Dodge: Dodged            |   185 |   240 |    63 ||   488
